Map: Lerilak Crest

Players

MightyKiwi

  • Race: Zerg Zerg
  • League: Grandmaster

Mix - Winner!

  • Race: Zerg Zerg

Event: NationWars III

VOD

Have the link to the VOD?

Description

Time

  • Played on: Nov. 22, 2015, 4:07 p.m.
  • Length: 11:21
Show
View Real Time Build Order
Export as new Build Order

MightyKiwi Zerg 

Build Orders: Pool First, Zergling Baneling 

Get SALT Encoding   

  12  0:01  Drone  
  13  0:07  Extractor  
  12  0:26  Spawning Pool  
  11  0:31  Drone  
  11  0:34  Drone  
  13  0:40  Drone  
  14  0:51  Overlord  
  14  1:13  Metabolic Boost  
  14  1:14  Zergling x4  
  14  1:16  Zergling x2  
  17  1:27  Zergling x2  
  17  1:29  Baneling Nest  
  17  1:36  Zergling x2  
  18  1:48  Zergling x2  
  18  1:53  Queen  
  21  2:00  Overlord  
  21  2:14  Zergling x2  
  22  2:16  Baneling  
  22  2:17  Baneling  
  22  2:20  Zergling x2  
  23  2:29  Baneling x2  
  23  2:46  Zergling x4  
  25  2:51  Baneling  
  25  2:52  Baneling  
  25  2:54  Baneling  
  26  2:58  Zergling x2  
  26  3:04  Zergling x8  
  24  3:21  Drone  
  23  3:32  Zergling x2  
  23  3:33  Baneling x2  
  23  3:34  Baneling  
  24  3:46  Zergling x6  
  25  3:51  Baneling  
  25  3:52  Baneling x2  
  25  4:03  Drone x2  
  24  4:21  Zergling x2  
  24  4:22  Zergling x6  
  24  4:23  Baneling x4  
  25  4:26  Drone  
  26  4:34  Drone  
  27  4:43  Baneling x2  
  27  4:47  Drone  
  27  4:50  Drone x2  
  27  5:11  Zergling x6  
  27  5:23  Hatchery  
  27  5:24  Baneling x2  
  27  5:27  Overlord  
  26  5:30  Drone  
  26  5:33  Zergling x2  
  28  5:38  Zergling x2  
  29  5:48  Zergling x2  
  30  5:51  Queen  
  30  5:53  Zergling x2  
  30  5:54  Zergling x2  
  31  6:11  Zergling x6  
  31  6:25  Zergling x6  
  32  6:36  Zergling x2  
  32  6:38  Zergling x2  
  34  6:40  Zergling x2  
  33  6:48  Zergling x2  
  33  6:49  Baneling x2  
  34  6:56  Zergling x2  
  35  7:05  Zergling x2  
  35  7:06  Zergling x8  
  34  7:11  Zergling x2  
  34  7:12  Zergling x4  
  35  7:26  Baneling  
  35  7:27  Baneling  
  34  7:32  Spine Crawler  
  34  7:33  Zergling x8  
  36  7:52  Zergling x12  
  31  8:13  Zergling x10  
  31  8:18  Zergling x2  
  31  8:19  Zergling x2  
  36  8:22  Zergling x6  
  36  8:25  Baneling x11  
  39  8:29  Zergling x2  
  39  8:33  Zergling x2  
  41  8:36  Zergling x2  
  38  8:54  Zergling x10  
  38  9:01  Baneling x6  
  35  9:14  Zergling x6  
  35  9:26  Zergling x8  
  31  9:39  Zergling x6  
  31  9:40  Zergling x2  
  34  9:47  Zergling x4  
  35  9:53  Zergling x4  
  35  9:59  Baneling x4  
  37  10:00  Baneling  
  37  10:02  Baneling  
  37  10:05  Zergling x2  
  38  10:10  Zergling x2  
  38  10:13  Zergling x2  
  34  10:30  Zergling x10  
  34  10:37  Zergling x2  
  34  10:38  Zergling x2  
  36  10:45  Baneling x6  
  36  10:49  Baneling  
  36  10:50  Baneling  
  36  10:55  Zergling x2  
  37  11:03  Zergling x4  
Show
View Real Time Build Order
Export as new Build Order

Mix Zerg - Winner!

Build Orders: Pool First, Zergling Baneling 

Get SALT Encoding   

  12  0:01  Drone  
  13  0:12  Overlord  
  13  0:17  Drone  
  14  0:30  Drone x2  
  14  0:34  Drone  
  17  0:47  Spawning Pool  
  17  0:49  Drone  
  17  1:10  Hatchery  
  16  1:15  Overlord  
  16  1:18  Drone  
  16  1:22  Extractor  
  16  1:34  Queen  
  16  1:35  Zergling x2  
  16  1:36  Drone  
  20  1:40  Drone  
  21  1:49  Spine Crawler  
  20  1:55  Zergling x2  
  21  2:02  Zergling x2  
  22  2:10  Baneling Nest  
  21  2:18  Zergling x2  
  21  2:22  Zergling x4  
  24  2:25  Queen  
  25  2:47  Zergling x10  
  29  2:52  Zergling x2  
  29  2:54  Baneling x2  
  29  2:56  Baneling  
  29  2:57  Baneling  
  29  3:04  Drone  
  30  3:06  Zergling x2  
  30  3:15  Zergling x4  
  30  3:19  Zergling x2  
  25  3:25  Baneling  
  25  3:26  Zergling x2  
  25  3:37  Zergling x4  
  26  3:52  Metabolic Boost  
  26  3:53  Drone  
  26  3:54  Drone x2  
  29  3:57  Baneling x2  
  29  4:08  Zergling x6  
  27  4:20  Zergling x4  
  28  4:26  Queen  
  28  4:28  Baneling  
  28  4:29  Baneling  
  30  4:34  Zergling x2  
  30  4:37  Zergling x2  
  32  4:44  Zergling x4  
  34  4:49  Overlord  
  31  5:08  Zergling x4  
  31  5:13  Drone  
  30  5:14  Zergling x4  
  30  5:16  Baneling x2  
  32  5:33  Hatchery  
  32  5:35  Zergling x2  
  32  5:38  Zergling x2  
  33  5:45  Zergling x4  
  33  5:48  Zergling x2  
  36  6:03  Zergling x4  
  35  6:10  Zergling x2  
  35  6:18  Zergling x6  
  33  6:30  Zergling x2  
  33  6:39  Zergling x2  
  34  6:46  Zergling x2  
  34  6:49  Baneling x3  
  34  6:50  Zergling x2  
  34  6:55  Drone  
  34  6:56  Drone x3  
  34  7:08  Drone x2  
  35  7:17  Roach Warren, Drone  
  35  7:19  Drone  
  35  7:24  Drone x2, Baneling x2  
  35  7:26  Zergling x2  
  36  7:31  Drone  
  36  7:32  Drone x2  
  36  7:34  Evolution Chamber  
  36  7:37  Evolution Chamber  
  38  7:39  Overlord  
  37  7:46  Lair  
  37  7:47  Zergling x2  
  38  7:55  Zergling x4  
  38  7:57  Zergling x4  
  41  8:00  Zergling x2  
  42  8:06  Zergling x2  
  42  8:10  Zergling x2  
  42  8:11  Zergling x2  
  44  8:13  Zergling x2  
  44  8:14  Zergling x4  
  44  8:17  Baneling x3  
  47  8:20  Extractor  
  47  8:22  Drone  
  47  8:23  Drone  
  47  8:24  Extractor  
  47  8:31  Overlord  
  47  8:32  Zerg Missile Weapons Level 1  
  47  8:36  Baneling  
  47  8:37  Baneling  
  47  8:39  Zergling x2  
  47  8:40  Baneling  
  48  8:44  Zergling x2  
  48  8:48  Zergling x6  
  47  8:52  Zergling x2  
  43  8:58  Drone x3  
  46  9:07  Glial Reconstitution  
  46  9:12  Drone  
  46  9:15  Roach  
  46  9:18  Roach  
  46  9:22  Baneling x3  
  44  9:26  Roach  
  43  9:40  Roach  
  45  9:47  Roach  
  45  9:51  Roach  
  48  9:59  Roach  
  50  10:04  Roach  
  52  10:07  Roach  
  52  10:12  Roach  
  56  10:15  Overlord  
  56  10:21  Roach x2  
  56  10:22  Roach  
  51  10:28  Roach  
  51  10:32  Roach  
  53  10:37  Ravager  
  53  10:38  Ravager  
  53  10:40  Ravager  
  53  10:41  Ravager  
  53  10:42  Roach  
  58  10:45  Drone  
  58  10:47  Drone  
  58  10:48  Drone  
  61  10:54  Roach  
  61  10:56  Roach  
  65  10:59  Roach  
Tags
 
Add a new tag
Caveats
  • Supply blocks, unpowered buildings, or Contaminate may cause inaccurate times.
  • Supply counts are checked every 10 seconds.